 Dungeon Crawl Stone Soup version 0.20.1-1-g8b1a95d (console) character file.

140 hilaritas the Digger (level 5, -1/28 HPs)
             Began as a Deep Elf Earth Elementalist on Sept 10, 2017.
             Slain by a gnoll (9 damage)
             ... on level 2 of the Dungeon.
             The game lasted 00:04:40 (1367 turns).

hilaritas the Digger (Deep Elf Earth Elementalist)  Turns: 1367, Time: 00:04:41

Health: -1/28      AC:  2    Str:  6    XL:     5   Next: 2%
Magic:  0/11       EV: 13    Int: 20    God:
Gold:   101        SH:  0    Dex: 15    Spells: 6/10 levels left

rFire    . . .     SeeInvis .   h - +0 dagger
rCold    . . .     Gourm    .   (no shield)
rNeg     . . .     Faith    .   c - +0 robe
rPois    .         Spirit   .   (no helmet)
rElec    .         Reflect  .   (no cloak)
rCorr    .         Harm     .   (no gloves)
MR       .....                  (no boots)
Stlth    ++........             (no amulet)
Regen    0.1/turn               (no ring)
MPRegen  0.2/turn               (no ring)

@: very slightly contaminated
A: no striking features
a: no special abilities


You were on level 2 of the Dungeon.
You were not hungry.

You visited 1 branch of the dungeon, and saw 2 of its levels.

You collected 101 gold pieces.

Inventory:

Hand Weapons
 h - a +0 dagger (weapon)
Missiles
 b - 58 stones (quivered)
Armour
 c - a +0 robe (worn)
Jewellery
 a - a cursed ring of teleportation {unknown}
 k - an uncursed ring of flight {unknown}
 p - an uncursed ring of protection from cold {unknown}
Wands
 s - a wand of iceblast (8/15)
 u - a wand of disintegration (11/24)
Scrolls
 l - a scroll of teleportation {unknown}
 m - a scroll of fear {unknown}
 r - a scroll of identify {unknown}
 v - a scroll of magic mapping {unknown}
Potions
 g - a potion of invisibility {unknown}
 i - a potion of lignification {unknown}
 n - a potion of flight {unknown}
 o - a potion of curing {unknown}
 q - a potion of heal wounds {unknown}
 t - a potion of haste {unknown}
 w - a potion of degeneration {unknown}
Books
 e - a book of Geomancy

   Spells                             Type                      Level
   a - Sandblast                      Earth                        1
   b - Passwall                       Transmutation/Earth          2
   c - Stone Arrow                    Conjuration/Earth            3
   d - Petrify                        Transmutation/Earth          4
   e - Lee's Rapid Deconstruction     Earth                        5
Comestibles
 d - 3 bread rations
 f - 2 chunks of flesh
 j - 2 meat rations


   Skills:
 - Level 2.4 Dodging
 - Level 2.4 Stealth
 * Level 3.0 Spellcasting
 - Level 3.5 Conjurations
   Level 1.1 Transmutations
 - Level 5.0 Earth Magic


You had 6 spell levels left.
You knew the following spells:

 Your Spells              Type           Power        Failure   Level  Hunger
a - Sandblast             Erth           ###...       1%          1    None
b - Stone Arrow           Conj/Erth      ###...       8%          3    ###....


Dungeon Overview and Level Annotations

Branches:
Dungeon (2/15)

Altars:


Message History

The gnoll closely misses you.
You hit the gnoll but do no damage.
The gnoll is moderately wounded.
The gnoll hits you.
Casting: Sandblast
Confirm with . or Enter, or press ? or * to list all spells.
Aiming: Sandblast
Press: ? - help, Shift-Dir - straight line, f - gnoll
Aim: a gnoll (moderately wounded)
The blast of sand misses the gnoll.
b - 58 stones The gnoll hits you.
You hit the gnoll but do no damage.
The gnoll is moderately wounded.
The gnoll hits you.
* * * LOW HITPOINT WARNING * * *
You hit the gnoll but do no damage.
The gnoll is moderately wounded.
The gnoll hits you!
You die...

#.#.........# ##.
##.#.........# ##..
.....g...>...###...
##.#g..............
#.##g.#.g.g..##...
##........>.####...
##...#.......## #...
#...####.#....###.).
.......#)#
#.##.....#)..
.)...###g#
#.#.......... ....
##@####.#....>..##.
###
#...>.#............
#..............#...
##........#.....#...
##...................
#.........##......###
#...............#....
#.......#..<...##...#
#.......รท.......###.#
##.........##.........
..............###.....


You could see a gnoll.

Vanquished Creatures
  A gnoll shaman (D:2)
  4 gnolls (D:2)
  2 adders (D:2)
  A worm (D:2)
  A dart slug (D:1)
  A leopard gecko (D:1)
  4 bats
  3 giant cockroaches
  6 goblins
  4 hobgoblins
  3 jackals (D:2)
  7 kobolds
  2 quokkas (D:2)
  2 ball pythons (D:1)
  7 frilled lizards
  2 rats
50 creatures vanquished.

Notes
Turn   | Place    | Note
-------+----------+-------------------------------------------
     0 | D:1      | hilaritas the Deep Elf Earth Elementalist began the quest for the Orb.
     0 | D:1      | Reached XP level 1. HP: 10/10 MP: 6/6
   150 | D:1      | Reached skill level 4 in Earth Magic
   150 | D:1      | Reached XP level 2. HP: 15/15 MP: 4/8
   644 | D:2      | Reached XP level 3. HP: 19/19 MP: 7/9
   685 | D:2      | Learned a level 3 spell: Stone Arrow
   973 | D:2      | Reached skill level 5 in Earth Magic
  1030 | D:2      | Reached skill level 1 in Conjurations
  1175 | D:2      | Reached XP level 4. HP: 24/24 MP: 8/10
  1360 | D:2      | Reached XP level 5. HP: 20/28 MP: 0/11
  1367 | D:2      | Slain by a gnoll

Skill      XL: |  1  2  3  4 |
---------------+-------------+-----
Earth Magic    | 4 5 |  5.0
Conjurations   | 1 3 |  3.5
Dodging        | |  2.4
Stealth        | |  2.4
Spellcasting   | |  3.0
Transmutations | |  1.1

Action                   |  1- 3 |  4- 6 || total
-------------------------+-------+-------++-------
Melee: Dagger            |     1 |    11 ||    12
 Cast: Sandblast         |    52 |    17 ||    69
  Eat: Chunk             |     1 |       ||     1
Armor: Robe              |     2 |     2 ||     4
Dodge: Dodged            |    17 |    12 ||    29
